Workbook
Name _Hlk134541549: 'VALOR HISTORICO 029-2024'!#REF!

Sheet ESTUDIO DE MERCADO
D1: ASUNTOS LEGALES - GESTIÓN CONTRACTUAL
B2: Formato : ESTUDIO DE MERCADO O ANALISIS DE COSTOS
B3: Con el fin de establecer el Presupuesto Oficial Estimado para el presente proceso de selección por la modalidad de minima cuantía que tiene por objeto Prestar los servicios de inspección técnico-mecánica especializada y certificación de los sistemas de transporte vertical, plataformas elevadoras y puertas automáticas de las sedes de la Dirección Seccional de Administración Judicial de Bogotá, la Dirección Seccional de Adminsitración Judicial de Bogotá realizó un analisis de costos como se describe a continuación:
B4: INVITACIONES A COTIZAR / SOPORTES DEL ANALISIS DE COSTOS
B5: 1. Solicitud de información a proveedores a traves del secop II: DSAJBO-SIP-032-2026 2. Solicitud de cotización enviada por correo electronico. 3. valores historicos contratados.
B6: CALCULO DEL VALOR MAXIMO A PAGAR POR LA ENTIDAD
B7: Para la determinación del presupuesto oficial estimado, la Entidad adelantó un estudio de mercado mediante la publicación de la Solicitud de Información a Proveedores No. DSAJBO-SIP-032-2026 en SECOP II, la cual no obtuvo respuesta. Posteriormente, se solicitaron cotizaciones a diferentes organismos de inspección acreditados por la ONAC, recibiéndose únicamente una propuesta de la empresa Inspección y Certificación Multinacional S.A.S. y SERVIMETERS S.A.S.. En razón a la insuficiencia de información de mercado, se proyectaron a valores presentes los precios unitarios ejecutados en el Contrato No. 035 de 2025 y 029-2024, conforme a la metodología recomendada por Colombia Compra Eficiente, y posteriormente se calculó el promedio aritmético entre dichos valores actualizados y la cotización recibida, obteniéndose así los valores unitarios promedio máximos que sirvieron de base para establecer el presupuesto oficial estimado del presente proceso contractual.
B8: Que con base en lo anterior, Dirección Seccional de Adminsitración Judicial de Bogotá calculo el valor promedio unitario máximo para el presente proceso como se especifica a continuación.
B10: ITEM | C10: DESCRIPCION | D10: UNIDAD DE MEDIDA | E10: CANTIDAD DE EQUIPOS | F10: CANTIDAD DE VISITAS POR EQUIPO | G10: VALOR 2026 Dsaj de Bogotá CONTRATO 029-2024 | H10: VALOR 2026 Dsaj de Bogotá CONTRATO 035-2025 | I10: VALOR 2026 DEAJ (Dirección Ejecutiva de Administración Judicial) CONTRATO 084-2026 | J10: SERVIMETERS S.A.S. | K10: Inspeccion y Certificacion Multinacional S.A.S. | L10: VALOR UNITARIO PROMEDIO SIN IVA | M10: VALOR UNITARIO PROMEDIO CON IVA | N10: SUBTOTAL CON IVA
G11: VR / UNITARIO SIN IVA | H11: VR / UNITARIO SIN IVA | I11: VR / UNITARIO SIN IVA | J11: VR / UNITARIO SIN IVA | K11: VR / UNITARIO SIN IVA
B12: 1 | C12: ASCENSORES
C13: Visita de inspección para certificación de equipos de transporte vertical bajo la norma NTC 5926_1 del 2021 (incluye informes y certificación) | D13: Visita | E13: 26 | F13: 2 | G13: ='VALOR HISTORICO 029-2024'!I8 -> 132703.46 | H13: ='VALOR HISTORICO 035-2025'!I8 -> 210200 | K13: 350000 | L13: =+ROUNDUP(AVERAGE(G13:K13),0) -> 230968 | M13: =L13+(L13*0.19) -> 274851.92 | N13: =+ROUNDUP(M13*F13*E13,0) -> 14292300
B14: 2 | C14: PLATAFORMA DE ELEVACIÓN PERSONAS CON MOVILIDAD REDUCIDA
C15: Visita de inspección para certificación de plataforma de elevación MVR bajo la norma NTC 5926_4 del 2018 (incluye informes y certificación) | D15: Visita | E15: 1 | F15: 2 | H15: ='VALOR HISTORICO 035-2025'!I10 -> 210200 | K15: 300000 | L15: =+ROUNDUP(AVERAGE(G15:K15),0) -> 255100 | M15: =L15+(L15*0.19) -> 303569 | N15: =+ROUNDUP(M15*F15*E15,0) -> 607138
B16: 3 | C16: PLATAFORMAS SALVA ESCALERA
C17: Visita de inspección para certificación de plataformas Salva escaleras bajo la norma NTC 5926_5 del 2012 (incluye informes y certificación) | D17: Visita | E17: 2 | F17: 2 | G17: ='VALOR HISTORICO 029-2024'!I12 -> 232231.06 | H17: ='VALOR HISTORICO 035-2025'!I12 -> 210200 | K17: 250000 | L17: =+ROUNDUP(AVERAGE(G17:K17),0) -> 230811 | M17: =L17+(L17*0.19) -> 274665.09 | N17: =+ROUNDUP(M17*F17*E17,0) -> 1098661
B18: 4 | C18: PUERTAS ELECTRICAS AUTOMATICAS
C19: Visita de inspección para certificación de puertas electricas Automaticas bajo la norma NTC 5926_3 del 2014 (incluye informes y certificación) | D19: Visita | E19: 4 | F19: 2 | H19: ='VALOR HISTORICO 035-2025'!I14 -> 210200 | K19: 250000 | L19: =+ROUNDUP(AVERAGE(G19:K19),0) -> 230100 | M19: =L19+(L19*0.19) -> 273819 | N19: =+ROUNDUP(M19*F19*E19,0) -> 2190552
B20: 5 | C20: TALANQUERAS
C21: Visita de inspección para certificación de Sistema eléctrico y de control bajo la norma NTC 5926_3 del 2014 (incluye informes y certificación) | D21: Visita | E21: 4 | F21: 2 | I21: 495300 | K21: 250000 | L21: =+ROUNDUP(AVERAGE(G21:K21),0) -> 372650 | M21: =L21+(L21*0.19) -> 443453.5 | N21: =+ROUNDUP(M21*F21*E21,0) -> 3547628
B22: 6 | C22: VISITAS ADICIONALES
C23: Visita de inspección Adicional para revisión y liberación de hallazgos para certificación de equipos de transporte vertical | D23: Visita | E23: 15 | F23: 1 | J23: 380000 | K23: 250000 | L23: =+ROUNDUP(AVERAGE(G23:K23),0) -> 315000 | M23: =L23+(L23*0.19) -> 374850 | N23: =+ROUNDUP(M23*F23*E23,0) -> 5622750
C24: Visita de inspección Adicional para revisión y liberación de hallazgos para certificación de puertas electromecanicas | D24: Visita | E24: 7 | F24: 1 | J24: 380000 | K24: 250000 | L24: =+ROUNDUP(AVERAGE(G24:K24),0) -> 315000 | M24: =L24+(L24*0.19) -> 374850 | N24: =+ROUNDUP(M24*F24*E24,0) -> 2623950
C25: Visita de inspección Adicional para revisión y liberación de hallazgos para certificación de Talanqueras | D25: Visita | E25: 7 | F25: 1 | J25: 380000 | K25: 250000 | L25: =+ROUNDUP(AVERAGE(G25:K25),0) -> 315000 | M25: =L25+(L25*0.19) -> 374850 | N25: =+ROUNDUP(M25*F25*E25,0) -> 2623950
B26: TOTAL PRESUPUESTO OFICIAL ESTIMADO | N26: =SUM(N12:N25) -> 32606929
B27: OBSERVACIONES
B28: 1. Por facilidades de ejecución presupuestal, se aproximan las cifras de los valores unitarios a la unidad entera mayor sin cifras decimales.
B29: PRESUPUESTO OFICIAL
B30: El presupuesto oficial estimado será hasta por la suma de TREINTA Y DOS MILLONES SEISCIENTOS SEIS MIL NOVECIENTOS VEINTINUEVE PESOS ($32.606.929,00). incluidos todos los impuestos, gastos, contribuciones y costos directos e indirectos que conlleve la celebración y ejecución del contrato.
B32: JHON ALEXANDER VARGAS MELO
B33: COORDINADOR GRUPO DE MANTENIMIENTO
B34: PRFESIONAL UNIVERSITARIO G11
B36: Elaboró: Jhon Alexander Vargas Melo / Profesional Universitario
B40: Anotacion: 1) Verificado el estudio del mercado y comparando con los precios del contrato del año anterior (035-2025), se evidencia que el precio cotizado para este periodo 2025, para el caso especifico de la certificacion de los ascensores se evidencia un incremento aproximado del 50%, e igualmente para los otros elementos un invremento mayo, por lo cual le solicito se realice otras cotizaciones con el fin de poder tener un punto de comparacion. 2) Respecto al Item 5 Talanqueras, en el estudio previo se relacionan 7 y en estudio del mercado 4.

Sheet Hoja1
D3: ÍTEM | E3: SEDE | F3: DIRECCIÓN | G3: TIPO | H3: CANTIDAD DE EQUIPOS
D4: 1 | E4: COMPLEJO JUDICIAL DE PALOQUEMAO | F4: Carrera 24a # 18A-67 | G4: Puerta metálica levadiza eléctrica de 5m de ancho x 3.50m de alto | H4: 1
D5: 2 | E5: TRIBUNALES BOGOTÁ Y CUNDINAMARCA | F5: Calle 24 # 53-28 | G5: Puerta electromecánica metálica corrediza de 6.00m de ancho x 2.10m de alto | H5: 1
D6: 3 | E6: CALLE 72 | F6: Calle 72 # 7-96 | G6: Puerta Electromecánica metálica abatible de 4.00m de ancho x 2.30m de alto | H6: 1
D7: 4 | E7: CALLE 31 | F7: Calle 31 # 6-24 | G7: Puerta electromecánica corrediza de 4.00m de ancho por 2.50 de alto. | H7: 1

Sheet VALOR HISTORICO 029-2024
C1: ASUNTOS LEGALES - GESTIÓN CONTRACTUAL
A2: CALCULO DEL VALOR MAXIMO A PAGAR POR LA ENTIDAD
A3: El calculo de valor unitario para cada una de las actividades es determinado mediante la proyección de los valores unitarios adjudicados en el contrato 029-2024, teniendo en cuenta que corresponde al contrato celebrado por la entidad en el año 2024 y cuyo listado de items no ha sido modificado y actualizado respecto a lo contratado en la vigencia 2025 y se realiza la proyección de los mismos conforme a lo establecido en el numeral 4.2. Preparación de datos: uso de valores monetarios históricos de la "GUÍA DE ELABORACIÓN DE ESTUDIOS DE SECTOR - GEES" de Colombia Compra Eficiente.
A4: Que con base en lo anterior, Dirección Seccional de Adminsitración Judicial de Bogotá calculo con el valor unitario del suministro y servicios a contratar, a través de el analisis de precios histórico redondeado a la unidad mayor con cero decimales
A5: ITEM | B5: PRODUCTO (NOMBRE DEL ÍTEM) | C5: UNIDAD DE MEDIDA | D5: CANTIDAD DE EQUIPOS | E5: CANTIDAD DE VISITAS POR EQUIPO | F5: VALOR HISTORIO CONTRATO 002-2024 (VALOR PRESENTE) | G5: Inflación Anual (5.22%) AÑO 2024 | H5: Inflación anual (5.10%) AÑO 2025 | I5: VALOR UNITARIO VALOR PRESENTE 2026
F6: VR / UNITARIO SIN IVA | G6: VR / UNITARIO SIN IVA | H6: VR / UNITARIO SIN IVA | I6: VR / UNITARIO SIN IVA
A7: 1 | B7: ASCENSORES
B8: Visita de inspección para certificación de equipos de transporte vertical bajo la norma NTC 5926_1 del 2021 (incluye informes y certificación) | C8: Visita | D8: 26 | E8: 2 | F8: 120000 | G8: =(F8*0.0522)+F8 -> 126264 | H8: =(G8*0.051)+G8 -> 132703.46 | I8: =H8 -> 132703.46
A9: 2 | B9: PLATAFORMA DE ELEVACIÓN PERSONAS CON MOVILIDAD REDUCIDA
B10: Visita de inspección para certificación de plataforma de elevación MVR bajo la norma NTC 5926_4 del 2018 (incluye informes y certificación) | C10: Visita | D10: 1 | E10: 2 | I10: =H10 -> 0
A11: 3 | B11: PLATAFORMAS SALVA ESCALERA
B12: Visita de inspección para certificación de plataformas Salva escaleras bajo la norma NTC 5926_5 del 2012 (incluye informes y certificación) | C12: Visita | D12: 2 | E12: 2 | F12: 210000 | G12: =(F12*0.0522)+F12 -> 220962 | H12: =(G12*0.051)+G12 -> 232231.06 | I12: =H12 -> 232231.06
A13: 4 | B13: PUERTAS ELECTRICAS AUTOMATICAS
B14: Visita de inspección para certificación de puertas electricas Automaticas bajo la norma NTC 5926_3 del 2014 (incluye informes y certificación) | C14: Visita | D14: 4 | E14: 2 | G14: =(F14*0.0522)+F14 -> 0 | H14: =(G14*0.051)+G14 -> 0 | I14: =H14 -> 0
A15: 5 | B15: TALANQUERAS
B16: Visita de inspección para certificación de Sistema eléctrico y de control bajo la norma NTC 5926_3 del 2014 (incluye informes y certificación) | C16: Visita | D16: 4 | E16: 2 | G16: =(F16*0.0522)+F16 -> 0 | H16: =(G16*0.051)+G16 -> 0 | I16: =H16 -> 0
A17: 6 | B17: VISITAS ADICIONALES
B18: Visita de inspección Adicional para revisión y liberación de hallazgos para certificación de equipos de transporte vertical | C18: Visita | D18: 20 | E18: 1 | G18: =(F18*0.0522)+F18 -> 0 | H18: =(G18*0.051)+G18 -> 0 | I18: =H18 -> 0
B19: Visita de inspección Adicional para revisión y liberación de hallazgos para certificación de puertas electromecanicas | C19: Visita | D19: 8 | E19: 1 | G19: =(F19*0.0522)+F19 -> 0 | H19: =(G19*0.051)+G19 -> 0 | I19: =H19 -> 0
B20: Visita de inspección Adicional para revisión y liberación de hallazgos para certificación de Talanqueras | C20: Visita | D20: 8 | E20: 1 | G20: =(F20*0.0522)+F20 -> 0 | H20: =(G20*0.051)+G20 -> 0 | I20: =H20 -> 0
A22: OBSERVACIONES

Sheet VALOR HISTORICO 035-2025
E1: ASUNTOS LEGALES - GESTIÓN CONTRACTUAL
C2: CALCULO DEL VALOR MAXIMO A PAGAR POR LA ENTIDAD
C3: El calculo de valor unitario para cada una de las actividades es determinado mediante la proyección de los valores unitarios adjudicados en el contrato 035-2025, teniendo en cuenta que corresponde al ultimo contrato celebrado por la entidad y cuyo listado de items no ha sido modificado y actualizado respecto a lo contratado en la vigencia 2025 y se realiza la proyección de los mismos conforme a lo establecido en el numeral 4.2. Preparación de datos: uso de valores monetarios históricos de la "GUÍA DE ELABORACIÓN DE ESTUDIOS DE SECTOR - GEES" de Colombia Compra Eficiente.
C4: Que con base en lo anterior, Dirección Seccional de Adminsitración Judicial de Bogotá calculo con el valor unitario del suministro y servicios a contratar, a través de el analisis de precios histórico redondeado a la unidad mayor con cero decimales
C5: ITEM | D5: PRODUCTO (NOMBRE DEL ÍTEM) | E5: UNIDAD DE MEDIDA | F5: CANTIDAD DE EQUIPOS | G5: CANTIDAD DE VISITAS POR EQUIPO | H5: VALOR HISTORIO CONTRATO 035-2025 | I5: VALOR UNITARIO VALOR PRESENTE (5.10%)
H6: VR / UNITARIO SIN IVA | I6: VR/UNITARIO + INFLACION SIN IVA
C7: 1 | D7: ASCENSORES
D8: Visita de inspección para certificación de equipos de transporte vertical bajo la norma NTC 5926_1 del 2021 (incluye informes y certificación) | E8: Visita | F8: 26 | G8: 2 | H8: 200000 | I8: =(H8*0.051)+H8 -> 210200
C9: 2 | D9: PLATAFORMA DE ELEVACIÓN PERSONAS CON MOVILIDAD REDUCIDA
D10: Visita de inspección para certificación de plataforma de elevación MVR bajo la norma NTC 5926_4 del 2018 (incluye informes y certificación) | E10: Visita | F10: 1 | G10: 2 | H10: 200000 | I10: =(H10*0.051)+H10 -> 210200
C11: 3 | D11: PLATAFORMAS SALVA ESCALERA
D12: Visita de inspección para certificación de plataformas Salva escaleras bajo la norma NTC 5926_5 del 2012 (incluye informes y certificación) | E12: Visita | F12: 2 | G12: 2 | H12: 200000 | I12: =(H12*0.051)+H12 -> 210200
C13: 4 | D13: PUERTAS ELECTRICAS AUTOMATICAS
D14: Visita de inspección para certificación de puertas electricas Automaticas bajo la norma NTC 5926_3 del 2014 (incluye informes y certificación) | E14: Visita | F14: 4 | G14: 2 | H14: 200000 | I14: =(H14*0.051)+H14 -> 210200
C15: 5 | D15: TALANQUERAS
D16: Visita de inspección para certificación de Sistema eléctrico y de control bajo la norma NTC 5926_3 del 2014 (incluye informes y certificación) | E16: Visita | F16: 4 | G16: 2 | I16: =(H16*0.051)+H16 -> 0
C17: 6 | D17: VISITAS ADICIONALES
D18: Visita de inspección Adicional para revisión y liberación de hallazgos para certificación de equipos de transporte vertical | E18: Visita | F18: 20 | G18: 1 | I18: =(H18*0.051)+H18 -> 0
D19: Visita de inspección Adicional para revisión y liberación de hallazgos para certificación de puertas electromecanicas | E19: Visita | F19: 8 | G19: 1 | I19: =(H19*0.051)+H19 -> 0
D20: Visita de inspección Adicional para revisión y liberación de hallazgos para certificación de Talanqueras | E20: Visita | F20: 8 | G20: 1 | I20: =(H20*0.051)+H20 -> 0
